Map: Ascension to Aiur LE

Players

Scarlett

  • Race: Zerg Zerg
  • League: Diamond
  • Spawn Location: 11:00

aLive - Winner!

  • Race: Terran Terran
  • Spawn Location: 5:00

Event: HomeStory Cup XVI

VOD

Have the link to the VOD?

Description

Time

  • Played on: Nov. 10, 2017, 2:24 p.m.
  • Length: 15:26

All games in this series

Show
View Real Time Build Order
Export as new Build Order

Scarlett Zerg 

Build Orders: Hatch First, Ravager All-In 

Get SALT Encoding   

  12  0:00  Drone  
  13  0:12  Overlord  
  13  0:17  Drone  
  14  0:30  Drone x2  
  16  0:35  Drone  
  17  0:53  Hatchery  
  17  0:57  Drone  
  17  1:00  Drone  
  18  1:13  Spawning Pool  
  18  1:14  Extractor  
  18  1:17  Drone  
  17  1:21  Drone  
  18  1:29  Drone  
  19  1:39  Drone  
  20  1:49  Drone  
  21  1:54  Extractor  
  21  2:00  Queen  
  21  2:01  Roach Warren  
  21  2:05  Queen  
  21  2:06  Drone  
  24  2:11  Overlord  
  24  2:17  Drone  
  24  2:22  Drone  
  26  2:40  Roach x2  
  26  2:43  Roach  
  32  2:45  Queen  
  32  2:50  Overlord  
  34  3:01  Ravager x2  
  36  3:10  Roach x2  
  40  3:17  Ravager  
  39  3:24  Queen  
  38  3:30  Roach x2  
  38  3:31  Overlord  
  38  3:33  Ravager  
  43  3:40  Overlord  
  43  3:47  Ravager  
  44  3:57  Ravager  
  44  4:00  Roach, Queen  
  49  4:11  Drone  
  50  4:17  Roach x3  
  56  4:28  Ravager  
  57  4:37  Hatchery  
  42  4:56  Roach  
  42  4:57  Roach x2  
  39  5:07  Drone  
  39  5:08  Drone x2  
  42  5:18  Ravager  
  42  5:19  Ravager, Drone x3  
  47  5:25  Queen  
  49  5:33  Ravager, Overlord  
  50  5:36  Roach  
  52  5:50  Drone  
  52  5:51  Drone x2  
  55  5:57  Spore Crawler  
  54  6:04  Spore Crawler, Queen  
  54  6:07  Ravager  
  54  6:09  Roach  
  58  6:13  Drone x2  
  60  6:20  Roach x2  
  60  6:23  Overlord  
  64  6:31  Drone x2  
  66  6:39  Overlord x2  
  66  6:45  Ravager x3  
  69  6:48  Roach x2  
  69  6:49  Drone  
  69  6:52  Extractor  
  70  7:03  Drone  
  70  7:04  Drone x6  
  77  7:09  Evolution Chamber  
  77  7:10  Ravager  
  77  7:12  Drone  
  78  7:17  Extractor  
  78  7:18  Drone x4  
  78  7:22  Ravager  
  82  7:27  Drone  
  82  7:28  Drone x2  
  82  7:38  Overlord x2  
  82  7:40  Drone x3  
  85  7:45  Zerg Ground Armor Level 1  
  85  7:50  Lair  
  85  7:57  Evolution Chamber  
  84  8:00  Drone x2  
  83  8:13  Hatchery  
  84  8:20  Roach x5  
  84  8:24  Zerg Missile Weapons Level 1  
  92  8:31  Drone x3  
  92  8:32  Drone x4  
  99  8:43  Overlord  
  99  8:52  Glial Reconstitution  
  99  8:53  Drone  
  99  8:55  Infestation Pit, Overlord  
  99  9:02  Drone  
  100  9:08  Roach  
  100  9:09  Roach x3  
  108  9:13  Overlord  
  108  9:23  Queen  
  98  9:32  Roach x2  
  98  9:33  Roach x3  
  98  9:35  Ravager x3  
  98  9:38  Queen  
  93  9:46  Queen  
  93  9:49  Ravager  
  93  9:51  Roach x2  
  92  9:56  Roach  
  92  9:57  Roach x2  
  92  9:58  Queen  
  97  10:03  Drone x6  
  87  10:18  Drone x3  
  87  10:19  Drone x4  
  87  10:20  Drone x3  
  86  10:21  Drone  
  86  10:26  Drone  
  86  10:27  Drone  
  83  10:31  Zerg Missile Weapons Level 2  
  83  10:42  Pathogen Glands  
  83  10:48  Drone x6  
  89  10:53  Zerg Ground Armor Level 2  
  89  10:57  Burrow  
  89  10:58  Drone  
  89  11:01  Drone x2  
  92  11:08  Roach, Extractor  
  92  11:09  Roach x2, Extractor  
  96  11:14  Roach x3  
  102  11:20  Ravager  
  102  11:21  Ravager  
  102  11:22  Ravager  
  105  11:26  Roach  
  105  11:27  Roach  
  105  11:28  Queen  
  111  11:35  Roach x3  
  111  11:36  Roach  
  117  11:43  Roach  
  117  11:44  Roach x3  
  125  11:48  Overseer  
  125  11:50  Drone x4  
  125  11:51  Overlord x2  
  129  11:59  Overlord  
  129  12:00  Overlord x2  
  129  12:13  Infestor x2  
  129  12:15  Overlord x3  
  133  12:21  Roach x3  
  139  12:26  Overlord  
  139  12:30  Hive  
  139  12:31  Drone  
  140  12:37  Infestor  
  140  12:41  Hatchery  
  140  12:42  Overlord  
  141  12:47  Roach  
  141  12:48  Roach x2  
  141  12:49  Infestor  
  149  12:52  Ravager  
  148  13:07  Ravager  
  148  13:08  Ravager  
  148  13:09  Ravager  
  148  13:11  Roach x3  
  149  13:20  Roach  
  149  13:21  Roach x5  
  162  13:27  Roach, Ravager  
  162  13:34  Overlord  
  163  13:38  Hatchery  
  160  13:44  Ravager  
  160  13:45  Ravager x3  
  159  13:53  Ultralisk Cavern  
  158  13:56  Roach x2  
  144  14:24  Infestor  
  144  14:30  Hatchery  
  136  14:55  Drone x3  
  136  14:56  Drone x4  
  138  15:02  Roach  
  138  15:03  Roach x6  
Show
View Real Time Build Order
Export as new Build Order

aLive Terran - Winner!

Build Orders: Reaper Expand, MMM Bio 

Get SALT Encoding   

  12  0:00  SCV  
  13  0:12  SCV  
  14  0:17  Supply Depot  
  14  0:24  SCV  
  15  0:38  SCV  
  15  0:41  Barracks  
  16  0:45  Refinery  
  16  0:50  SCV  
  17  1:03  SCV  
  18  1:15  SCV  
  19  1:27  Orbital Command  
  19  1:28  Reaper  
  20  1:40  Command Center  
  20  1:51  Supply Depot  
  20  1:53  SCV  
  21  2:00  Marine  
  22  2:06  SCV  
  22  2:08  Bunker  
  23  2:17  Factory  
  23  2:18  Marine  
  23  2:22  SCV  
  25  2:27  Refinery  
  25  2:36  SCV  
  26  2:37  Marine  
  26  2:43  Bunker  
  27  2:48  SCV  
  28  2:55  Marine  
  28  2:56  Orbital Command  
  29  3:05  Factory Tech Lab  
  29  3:06  SCV  
  29  3:09  Bunker  
  30  3:19  SCV  
  31  3:24  SCV  
  31  3:25  Marine  
  31  3:26  Siege Tank  
  34  3:33  SCV  
  34  3:41  Bunker  
  34  3:43  Marine  
  34  3:47  Bunker  
  34  3:48  SCV  
  36  3:49  SCV  
  36  3:52  Starport  
  37  3:58  Siege Tank  
  42  4:04  Supply Depot  
  42  4:07  Marine  
  41  4:16  Barracks  
  41  4:18  SCV x2  
  43  4:26  Marine  
  43  4:28  Viking  
  46  4:36  Siege Tank  
  49  4:39  Supply Depot  
  49  4:44  Liberator  
  44  4:52  Marine  
  40  4:59  SCV x2  
  42  5:09  Marine  
  43  5:15  Siege Tank  
  43  5:16  Marine  
  45  5:24  SCV x2  
  45  5:27  Marine  
  48  5:36  Bunker  
  48  5:40  Marine  
  49  5:45  Marine  
  49  5:47  Siege Tank  
  49  5:49  Viking  
  54  5:54  SCV  
  55  5:57  Marine  
  55  6:03  Marine  
  57  6:04  SCV  
  57  6:06  SCV  
  57  6:10  Supply Depot  
  59  6:15  Barracks  
  59  6:23  Barracks Reactor  
  59  6:28  SCV x2  
  59  6:32  Engineering Bay  
  61  6:33  Factory Reactor  
  61  6:37  Marine  
  61  6:38  Stimpack  
  61  6:39  Medivac  
  61  6:45  SCV x2  
  63  6:47  Refinery  
  63  6:50  Supply Depot  
  63  6:57  SCV x2  
  63  7:00  Marine x3  
  68  7:03  Terran Infantry Weapons Level 1  
  68  7:08  Supply Depot  
  68  7:10  SCV x2  
  69  7:21  Marine  
  69  7:22  Marine  
  71  7:23  Marine  
  71  7:24  Factory Tech Lab, Barracks Reactor  
  71  7:33  Command Center  
  69  7:39  SCV x2, Marine x2  
  69  7:40  Marine  
  69  7:43  Engineering Bay  
  74  7:52  Siege Tank  
  74  7:56  SCV x2  
  74  7:58  Medivac x2  
  83  8:13  SCV x2  
  83  8:15  Terran Infantry Armor Level 1  
  83  8:17  Supply Depot  
  83  8:18  Barracks x2  
  85  8:27  Marine  
  85  8:32  Supply Depot  
  85  8:33  Supply Depot  
  86  8:39  Medivac x2, Marine x4  
  94  8:44  Refinery, Combat Shields  
  94  8:49  Marine  
  94  8:54  Orbital Command  
  95  8:56  Marine x3  
  95  8:58  SCV x2  
  100  9:05  Armory, Barracks Reactor  
  100  9:07  Barracks Reactor  
  100  9:13  Marine  
  100  9:14  Marine x2  
  100  9:35  Marine x5  
  100  9:36  SCV x2  
  94  9:48  SCV, Marine x2  
  94  9:49  Marine x2  
  94  9:52  Marine  
  93  9:55  Marine x4  
  93  9:56  Medivac x2  
  98  10:07  Orbital Command  
  98  10:09  SCV x2  
  90  10:27  Marine  
  90  10:28  Marine x7  
  92  10:29  Marauder, Siege Tank  
  96  10:38  Terran Infantry Weapons Level 2, Terran Infantry Armor Level 2  
  94  10:47  Marine x7  
  94  10:48  Marine  
  94  10:49  Concussive Shells  
  102  10:55  Marauder  
  104  10:58  Supply Depot  
  104  11:00  Supply Depot  
  104  11:02  Siege Tank  
  107  11:04  Terran Vehicle Weapons Level 1  
  107  11:17  Marine  
  107  11:18  Marine x7  
  112  11:19  Marauder  
  112  11:22  Medivac x2  
  119  11:30  Barracks  
  119  11:31  Barracks  
  119  11:32  Barracks  
  119  11:42  Marine  
  119  11:43  Marine x7  
  119  11:44  Marauder, Siege Tank  
  119  11:46  SCV x3  
  135  11:50  Supply Depot  
  135  11:51  Supply Depot  
  134  11:59  Medivac x2  
  138  12:05  Marine x3  
  141  12:10  Supply Depot x2  
  141  12:11  Marine x5  
  141  12:15  Supply Depot, Liberator  
  146  12:19  Liberator  
  146  12:20  Supply Depot, Unknown, Barracks Tech Lab  
  146  12:21  Barracks Reactor, Barracks Tech Lab  
  146  12:32  Command Center  
  152  12:41  Marauder  
  152  12:43  Marauder  
  156  12:47  Marauder  
  150  13:19  Marine x9  
  153  13:20  Marine x2  
  153  13:21  Marauder x2  
  149  13:37  Supply Depot  
  149  13:45  Marine x10  
  149  13:46  Marauder  
  149  13:47  Marauder x2  
  165  13:51  Planetary Fortress  
  165  14:02  Liberator x2  
  152  14:16  Marine x9  
  149  14:17  Marauder, Marine  
  149  14:18  Marauder  
  149  14:19  Marauder  
  149  14:20  Siege Tank  
  162  14:38  Marine x9  
  163  14:39  Marauder, Marine  
  163  14:40  Marauder x2  
  168  15:03  Marine  
  168  15:04  Marine x9  
  168  15:05  Marauder x2  
  168  15:06  Unknown  
  165  15:17  Unknown  
Tags
 
Add a new tag
Caveats
  • Supply blocks, unpowered buildings, or Contaminate may cause inaccurate times.
  • Supply counts are checked every 10 seconds.